 Dungeon Crawl Stone Soup version 0.30-a0-457-g4b7bca3bfa (webtiles) character file.

Game seed: 5920907563278605398

24783 Ijustatesigmund the Thaumaturge (level 13, -15/99 HPs)
             Began as a Gnoll Fire Elementalist on Dec 13, 2022.
             Was an Elder of Cheibriados.
             Demolished by a juggernaut skeleton (39 damage)
             ... on level 15 of the Dungeon.
             The game lasted 00:34:30 (17775 turns).

Ijustatesigmund the Thaumaturge (GnFE)             Turns: 17775, Time: 00:34:31

Health: -15/99     AC: 18    Str: 21    XL:     13   Next: 15%
Magic:  7/26       EV: 17    Int: 30    God:    Cheibriados [****..]
Gold:   805        SH: 12    Dex: 20    Spells: 7/31 levels left

rFire   + . .      SeeInvis .    B - +4 demon whip (vorpal)
rCold   . . .      Faith    .    I - +0 buckler
rNeg    . . .      Spirit   .    a - +3 swamp dragon scales
rPois   +          Reflect  +    (helmet restricted)
rElec   +          Harm     .    u - +1 cloak
rCorr   .          Rampage  .    l - +0 pair of gloves
Will    .....                    i - +1 pair of boots
Stlth   +++++.....               p - amulet of reflection
HPRegen 0.36/turn                d - ring of protection from fire
MPRegen 0.20/turn                t - ring of the Sandy God {Wiz Fly rElec Int+4 Dex-5}

@: about to teleport, flying, very slow
A: fangs 1, strong nose, distributed training, antennae 1, thin skeletal
structure 1, noise suppression
a: Renounce Religion, Bend Time, Temporal Distortion, Slouch


You were on level 15 of the Dungeon.
You worshipped Cheibriados.
Cheibriados was greatly pleased with you.
You visited 2 branches of the dungeon, and saw 16 of its levels.

You collected 952 gold pieces.
You spent 147 gold pieces at shops.

Inventory:

Hand Weapons
 c - a +1 war axe of electrocution
 B - a +4 vorpal demon whip (weapon)
 J - a +4 scimitar of flaming
Missiles
 A - 2 throwing nets
Armour
 a - +3 swamp dragon scales (worn)
 i - a +1 pair of boots (worn)
 l - a +0 pair of gloves (worn)
 u - a +1 cloak (worn)
 x - a +1 troll leather armour {Snorg}
 I - a +0 buckler (worn)
Magical Staves
 o - a staff of conjuration
Jewellery
 d - a ring of protection from fire (left hand)
 k - the amulet of the Enemy {Reflect Harm +Inv rPois SH+5}
   (You found it on level 2 of the Dungeon)

   [amulet of reflection]

   It reflects blocked missile attacks.
   rPois:     It protects you from poison.
   +Inv:      It lets you turn invisible.
   SH:        It affects your SH (+5).
   Harm:      It increases damage dealt and taken.
 p - an amulet of reflection (around neck)
 t - the ring of the Sandy God (right hand) {Wiz Fly rElec Int+4 Dex-5}
   (You found it on level 8 of the Dungeon)

   [ring of wizardry]

   It improves your spell success rate.
   Int:       It affects your intelligence (+4).
   Dex:       It affects your dexterity (-5).
   rElec:     It insulates you from electricity.
   Fly:       It grants you flight.
 z - an amulet of regeneration
Wands
 v - a wand of flame (47)
 y - a wand of roots (7)
 G - a wand of charming (7)
Scrolls
 h - 5 scrolls of noise
 m - 5 scrolls of teleportation
 n - 16 scrolls of identify
 q - 3 scrolls of immolation
 w - 2 scrolls of amnesia
 D - a scroll of magic mapping
 F - a scroll of fog
Potions
 b - 2 potions of magic
 e - 2 potions of cancellation
 f - a potion of lignification
 g - 3 potions of mutation
 j - 2 potions of flight
 r - 3 potions of curing
 s - a potion of might
 E - a potion of attraction


   Skills:
 + Level 8.3 Fighting
 + Level 8.3 Short Blades
 + Level 8.3 Long Blades
 + Level 8.3 Axes
 + Level 8.3 Maces & Flails
 + Level 8.3 Polearms
 + Level 8.3 Staves
 + Level 8.3 Ranged Weapons
 + Level 8.3 Throwing
 + Level 8.3 Armour
 + Level 9.5 Dodging
 + Level 9.4 Stealth
 + Level 8.3 Shields
 + Level 8.3 Unarmed Combat
 + Level 9.8 Spellcasting
 + Level 7.3 Conjurations
 + Level 6.9 Hexes
 + Level 6.9 Summonings
 + Level 6.9 Necromancy
 + Level 6.9 Translocations
 + Level 6.9 Transmutations
 + Level 8.9 Fire Magic
 + Level 6.9 Ice Magic
 + Level 6.9 Air Magic
 + Level 6.9 Earth Magic
 + Level 6.9 Poison Magic
 + Level 9.1 Invocations
 + Level 8.3 Evocations


You had 7 spell levels left.
You knew the following spells:

 Your Spells              Type           Power      Damage    Failure   Level
a - Foxfire               Conj/Fire      100%       2x1d9     1%          1
b - Scorch                Fire           100%       2d10      1%          2
c - Magic Dart            Conj           100%       1d8       1%          1
d - Flame Wave            Conj/Fire      59%        2d14      1%          4
e - Mephitic Cloud        Conj/Pois/Air  54%        N/A       1%          3
f - Ozocubu's Armour      Ice            54%        N/A       1%          3
g - Metabolic Englaciati  Hex/Ice        27%        N/A       4%          5
h - Lightning Bolt        Conj/Air       27%        1d44      4%          5

Your spell library contained the following spells:

 Spells                   Type           Power      Damage    Failure   Level
 Apportation              Tloc           100%       N/A       1%          1
 Beastly Appendage        Tmut           100%       N/A       1%          1
 Necrotise                Necr           100%       1d9       1%          1
 Summon Small Mammal      Summ           100%       N/A       1%          1
 Call Imp                 Summ           54%        N/A       1%          2
 Static Discharge         Conj/Air       100%       2-7/arc   1%          2
 Wereblood                Tmut           54%        N/A       1%          2
 Dazzling Flash           Conj/Hex       100%       N/A       1%          3
 Gell's Gravitas          Tloc           54%        N/A       1%          3
 Inner Flame              Hex/Fire       58%        N/A       1%          3
 Kindle Blastsparks       Fire/Tloc/Air  100%       2d18      1%          3
 Lesser Beckoning         Tloc           100%       N/A       1%          3
 Portal Projectile        Hex/Tloc       100%       N/A       1%          3
 Spider Form              Tmut/Pois      54%        N/A       1%          3
 Teleport Other           Tloc           54%        N/A       1%          3
 Tukima's Dance           Hex            54%        N/A       1%          3
 Vhi's Electric Charge    Tloc/Air       100%       N/A       1%          3
 Iskenderun's Mystic Bla  Conj/Tloc      55%        2d12      1%          4
 Arcjolt                  Conj/Air       27%        1d37      4%          5
 Blade Hands              Tmut           27%        N/A       4%          5
 Starburst                Conj/Fire      29%        6d9       16%         6
 Simulacrum               Ice/Necr       27%        N/A       24%         6


Dungeon Overview and Level Annotations

Branches:
Dungeon (14/15)            Temple (1/1) D:4            Lair (0/5) D:11
    Orc (0/2) D:11         Vaults (0/5) D:14         Depths (0/4) D:15

Altars:
Ashenzari
Cheibriados
Dithmenos
Elyvilon
Fedhas
Gozag
Hepliaklqana
Kikubaaqudgha
Makhleb
Nemelex Xobeh
Okawaru
Qazlal
Ru
Sif Muna
Trog
Uskayaw
Vehumet
Wu Jian
Xom
Yredelemnul
Zin
The Shining One

Shops:
D:9 *

Annotations:
D:7 2 transporters, exclusion: oklob plant, oneeeeegina's ghost, novice DjNe
D:8 2 transporters, anet's ghost, novice HOCj
D:10 Grum
D:12 1 transporter


Innate Abilities, Weirdness & Mutations

You have very sharp teeth.
Your uncanny sense of smell can sniff out nearby items.
Your experience applies equally to all skills.
You have a pair of small antennae on your head.
You have a somewhat thin skeletal structure. (Dex +2, Stealth+)
You passively dampen the noise of your surroundings.


Message History

The large rock hits the cyclops!
You see here an ugly thing corpse.
You feel better.
The cyclops throws a large rock.
You reflect the large rock off an invisible shield around you!
The large rock hits the cyclops!
The cyclops throws a large rock.
The large rock hits you!
A necromancer comes into view. It is wielding a +0 dagger.
The cyclops misses you.
Things that are here:
a +0 shortbow; a centaur corpse The necromancer shouts!
You hit the cyclops.
You kill the cyclops!
Cheibriados thoroughly appreciates the change of pace.
The necromancer casts a spell at you.
Your body is wracked with pain!
* * * LOW HITPOINT WARNING * * *
You see here 5 large rocks.
As you read the scroll of teleportation, it crumbles to dust.
You feel strangely unstable.
A five-headed hydra comes into view.
The necromancer gestures wildly while chanting.
The necromancer binds the souls of nearby monsters.
Your surroundings suddenly seem different.
A juggernaut skeleton, a vampire mage, a death knight and 4 skeletal warriors come into view.
Found 8 gold pieces.
Found an escape hatch in the ceiling.
Found a staircase to the Depths.
The juggernaut skeleton misses you.
You block the juggernaut skeleton's attack.
The necromancer mumbles some strange words.
The necromancer binds the souls of nearby monsters.
A shadow dragon skeleton comes into view.
The skeletal warrior moves out of view.
The death knight moves out of view.
The skeletal warrior moves out of view.
As you read the scroll of teleportation, it crumbles to dust.
You feel strangely unstable.
The skeletal warrior throws a stone.
The stone closely misses you.
The juggernaut skeleton attacks as you move away!
The juggernaut skeleton hits you!!!
You die...

.## ###(## ..# #.).##
#......... #.####.#..##
.#.........
..#..††##.##.##.....z...
....#...................
..#........p..#...<.....
.....#.....u..z.........
..$..........#..PZ...8..
#..###..........@.88...8
...# #...............P..
...# ...................
.. ............8.......
...........8.8.8.8..$
......8..>...Z.
##...V.........
#......8..88..


You could see a red ugly thing (wandering, soul bound), 2 skeletal warriors, a
vampire mage (wandering), a necromancer, a shadow dragon skeleton (wandering)
and a juggernaut skeleton.

Vanquished Creatures
  Snorg (D:10)
  A vault guard (D:14)
  2 centaur warriors
  3 boulder beetles
  2 two-headed ogres
  A tengu warrior (D:14)
  Amaemon (D:10)
  A skeletal warrior (D:14)
  4 deep elf pyromancers
  7 ugly things
  2 manticores
  6 cyclopes
  An orange demon (D:10)
  Maggie (D:6)
  A kobold demonologist (D:12)
  A rime drake (D:11)
  An efreet (D:14)
  A freezing wraith (D:14)
  6 trolls
  Prince Ribbit (D:6)
  A meliai (D:14)
  A hornet (D:8)
  Sigmund (D:3)
  4 shadows
  A vampire (D:11)
  7 yaks
  A wraith (D:12)
  A wyvern (D:9)
  A golden eye (shapeshifter) (D:12)
  2 steam dragons (D:9)
  3 vampire mosquitoes
  Menkaure (D:4)
  2 acid dragons
  A water moccasin (D:9)
  An orc warrior (D:11)
  An ice beast (shapeshifter) (D:14)
  A sky beast (D:6)
  5 ice beasts
  A black bear (D:4)
  An ogre (D:5)
  6 wolves
  2 centaurs
  A kobold brigand (D:7)
  3 scorpions
  5 bullfrogs
  2 gnoll sergeants
  A necrophage (D:6)
  3 wights (D:7)
  2 howler monkeys
  Crazy Yiuf (D:6)
  2 gnoll boudas
  4 orc priests
  3 hounds
  6 iguanas
  Jessica (D:3)
  10 orc wizards
  7 adders
  21 gnolls
  2 shadow imps
  A white imp (D:6)
  An ufetubus (D:6)
  3 worms
  2 dart slugs (D:4)
  25 orcs
  5 bats
  5 endoplasms
  4 giant cockroaches
  6 goblins
  10 hobgoblins
  6 jackals
  2 kobolds
  4 quokkas
  4 ball pythons (D:2)
  3 frilled lizards
  9 rats
253 creatures vanquished.

Vanquished Creatures (others)
  A centaur simulacrum (D:14)
  2 orcs (D:9)
  448 foxfires
  3 fungi (D:6)
  5 withered plants (D:15)
459 creatures vanquished.

Grand Total: 712 creatures vanquished

Notes
Turn   | Place    | Note
-------+----------+-------------------------------------------
     0 | D:1      | Ijustatesigmund the Gnoll Fire Elementalist began the quest
                  | for the Orb.
     0 | D:1      | Reached XP level 1. HP: 13/13 MP: 6/6
   268 | D:1      | Reached XP level 2. HP: 19/19 MP: 5/7
   296 | D:1      | Learned a level 2 spell: Scorch
   768 | D:1      | Found a faded altar of an unknown god.
   818 | D:1      | Reached skill level 5 in Spellcasting
   818 | D:1      | Reached XP level 3. HP: 25/25 MP: 5/9
  1360 | D:2      | Identified the amulet of the Enemy {Reflect Harm +Inv rPois
                  | SH+5}
  1433 | D:2      | Reached skill level 1 in Invocations
  1535 | D:2      | Gained mutation: You have a pair of small antennae on your
                  | head. [potion of mutation]
  1535 | D:2      | Gained mutation: You have hidden genetic potential. [potion
                  | of mutation]
  1750 | D:2      | Reached skill level 1 in Fighting
  1750 | D:2      | Reached skill level 1 in Short Blades
  1750 | D:2      | Reached skill level 1 in Long Blades
  1750 | D:2      | Reached skill level 1 in Axes
  1750 | D:2      | Reached skill level 1 in Maces & Flails
  1750 | D:2      | Reached skill level 1 in Polearms
  1750 | D:2      | Reached skill level 1 in Staves
  1750 | D:2      | Reached skill level 1 in Ranged Weapons
  1750 | D:2      | Reached skill level 1 in Throwing
  1750 | D:2      | Reached skill level 1 in Armour
  1750 | D:2      | Reached skill level 1 in Shields
  1750 | D:2      | Reached skill level 1 in Unarmed Combat
  1750 | D:2      | Reached skill level 1 in Evocations
  1797 | D:2      | Reached XP level 4. HP: 32/32 MP: 8/11
  1994 | D:2      | Gained mutation: You passively dampen the noise of your
                  | surroundings. [hidden potential]
  2338 | D:3      | Found a sacrificial altar of Ru.
  2372 | D:3      | Reached skill level 1 in Hexes
  2372 | D:3      | Reached skill level 1 in Summonings
  2372 | D:3      | Reached skill level 1 in Necromancy
  2372 | D:3      | Reached skill level 1 in Translocations
  2372 | D:3      | Reached skill level 1 in Transmutations
  2372 | D:3      | Reached skill level 1 in Ice Magic
  2372 | D:3      | Reached skill level 1 in Air Magic
  2372 | D:3      | Reached skill level 1 in Earth Magic
  2372 | D:3      | Reached skill level 1 in Poison Magic
  2653 | D:3      | Found a glowing silver altar of Zin.
  2721 | D:3      | Found a broken altar of Ashenzari.
  2736 | D:3      | Noticed Jessica
  2741 | D:3      | Killed Jessica
  2811 | D:3      | Reached XP level 5. HP: 36/37 MP: 8/12
  3010 | D:3      | Noticed Sigmund
  3025 | D:3      | Killed Sigmund
  3026 | D:3      | Reached skill level 5 in Dodging
  3026 | D:3      | Reached XP level 6. HP: 44/44 MP: 11/14
  3039 | D:3      | Gained mutation: You have a somewhat thin skeletal
                  | structure. (Dex +2, Stealth+) [hidden potential]
  3039 | D:3      | Lost mutation: You have hidden genetic potential. [hidden
                  | potential expressed]
  3411 | D:4      | Found a staircase to the Ecumenical Temple.
  3874 | D:4      | Noticed a black bear
  3881 | D:4      | Killed a black bear
  3882 | D:4      | Reached XP level 7. HP: 26/51 MP: 7/15
  4150 | D:4      | Noticed Menkaure
  4157 | D:4      | Killed Menkaure
  4158 | D:4      | Reached skill level 5 in Stealth
  4305 | D:5      | Entered Level 5 of the Dungeon
  4610 | Temple   | Entered the Ecumenical Temple
  4768 | Temple   | Became a worshipper of Cheibriados the Contemplative
  4919 | D:5      | Reached XP level 8. HP: 13/58 MP: 10/16
  6083 | D:6      | Noticed Maggie
  6197 | D:6      | Reached * piety under Cheibriados
  6827 | D:6      | Noticed Prince Ribbit
  6849 | D:6      | Killed Prince Ribbit
  6971 | D:6      | Reached XP level 9. HP: 65/65 MP: 12/18
  7149 | D:6      | Killed Maggie
  7358 | D:6      | Found a bloodstained altar of Trog.
  7488 | D:6      | Found a runed translucent door.
  7489 | D:6      | Noticed Crazy Yiuf
  7497 | D:6      | Killed Crazy Yiuf
  7743 | D:7      | Found a transporter.
  7744 | D:7      | Found a transporter.
  8104 | D:7      | Reached skill level 5 in Invocations
  8197 | D:7      | Noticed a cyclops
  8203 | D:7      | Noticed an oklob plant
  8203 | D:7      | Noticed oneeeeegina's ghost (novice DjNe)
  8203 | D:7      | Noticed a cyclops
  8228 | D:7      | Reached ** piety under Cheibriados
  8260 | D:7      | Noticed a two-headed ogre
  8278 | D:7      | Noticed a brown ugly thing
  8479 | D:7      | Found a stormy altar of Qazlal.
  8860 | D:8      | Reached skill level 5 in Fighting
  8860 | D:8      | Reached skill level 5 in Short Blades
  8860 | D:8      | Reached skill level 5 in Long Blades
  8860 | D:8      | Reached skill level 5 in Axes
  8860 | D:8      | Reached skill level 5 in Maces & Flails
  8860 | D:8      | Reached skill level 5 in Polearms
  8860 | D:8      | Reached skill level 5 in Staves
  8860 | D:8      | Reached skill level 5 in Ranged Weapons
  8860 | D:8      | Reached skill level 5 in Throwing
  8860 | D:8      | Reached skill level 5 in Armour
  8860 | D:8      | Reached skill level 5 in Shields
  8860 | D:8      | Reached skill level 5 in Unarmed Combat
  8860 | D:8      | Reached skill level 5 in Evocations
  8860 | D:8      | Reached XP level 10. HP: 58/74 MP: 18/20
  8862 | D:8      | Learned a level 1 spell: Magic Dart
  8927 | D:8      | Learned a level 4 spell: Flame Wave
  8957 | D:8      | Paralysed by a hornet for 3 turns
  9101 | D:8      | Found a glowing golden altar of the Shining One.
  9213 | D:8      | Found a transporter.
  9215 | D:8      | Noticed anet's ghost (novice HOCj)
  9215 | D:8      | Noticed a moth of wrath
  9222 | D:8      | Found a transporter.
  9431 | D:8      | Identified the ring of the Sandy God {Wiz Fly rElec Int+4
                  | Dex-5}
  9542 | D:8      | Found a bloodstained altar of Trog.
  9766 | D:9      | Found Puerchio's General Store.
  9774 | D:9      | Bought a scroll of teleportation for 42 gold pieces
  9774 | D:9      | Bought a scroll of enchant armour for 105 gold pieces
 10276 | D:9      | Reached *** piety under Cheibriados
 10277 | D:9      | Reached skill level 5 in Conjurations
 10690 | D:10     | Entered Level 10 of the Dungeon
 10700 | D:10     | Noticed Amaemon
 10700 | D:10     | Noticed an orange demon
 10711 | D:10     | Killed an orange demon
 10714 | D:10     | Killed Amaemon
 11088 | D:10     | Found a shimmering blue altar of Sif Muna.
 11157 | D:10     | Found a hazy altar of Hepliaklqana.
 11175 | D:10     | Noticed a two-headed ogre
 11180 | D:10     | Killed a two-headed ogre
 11181 | D:10     | Reached skill level 5 in Hexes
 11181 | D:10     | Reached skill level 5 in Summonings
 11181 | D:10     | Reached skill level 5 in Necromancy
 11181 | D:10     | Reached skill level 5 in Translocations
 11181 | D:10     | Reached skill level 5 in Transmutations
 11181 | D:10     | Reached skill level 5 in Ice Magic
 11181 | D:10     | Reached skill level 5 in Air Magic
 11181 | D:10     | Reached skill level 5 in Earth Magic
 11181 | D:10     | Reached skill level 5 in Poison Magic
 11181 | D:10     | Reached XP level 11. HP: 72/81 MP: 17/22
 11276 | D:10     | Noticed Grum
 11393 | D:10     | Found a blossoming altar of Fedhas.
 11430 | D:10     | Noticed Snorg
 11451 | D:10     | Killed Snorg
 11451 | D:10     | Reached **** piety under Cheibriados
 11709 | D:11     | Noticed a manticore
 11709 | D:11     | Noticed a cyclops
 11787 | D:11     | Killed a cyclops
 11950 | D:11     | Killed a manticore
 12214 | D:11     | Found a staircase to the Lair.
 12615 | D:11     | Noticed a boulder beetle
 12883 | D:12     | Noticed a tengu reaver
 12884 | D:12     | Noticed an ogre mage
 12886 | D:12     | Noticed a necromancer
 13046 | D:12     | Noticed a white ugly thing
 13063 | D:12     | Killed a white ugly thing
 13314 | D:12     | Learned a level 3 spell: Mephitic Cloud
 13318 | D:12     | Learned a level 3 spell: Ozocubu's Armour
 13324 | D:12     | Learned a level 5 spell: Metabolic Englaciation
 13390 | D:11     | Killed a boulder beetle
 13587 | D:11     | Found a staircase to the Orcish Mines.
 14018 | D:12     | Noticed a necromancer
 14019 | D:12     | Found a shimmering blue altar of Sif Muna.
 14019 | D:12     | Noticed a deep troll earth mage
 14049 | D:12     | Found a transporter.
 14054 | D:12     | Noticed an orc sorcerer
 14054 | D:12     | Noticed a necromancer
 14120 | D:12     | Identified the +4 sling "Mirih" {vorpal, rF+}
 14132 | D:12     | Noticed an orc sorcerer
 14627 | D:12     | Noticed a boulder beetle
 14656 | D:12     | Killed a boulder beetle
 14657 | D:12     | Reached XP level 12. HP: 62/91 MP: 14/24
 15416 | D:13     | Noticed a boulder beetle
 15448 | D:13     | Killed a boulder beetle
 15689 | D:13     | Reached ***** piety under Cheibriados
 15817 | D:13     | Noticed a centaur warrior
 15825 | D:13     | Killed a centaur warrior
 16148 | D:13     | Noticed a two-headed ogre
 16160 | D:13     | Killed a two-headed ogre
 16505 | D:14     | Found a gate to the Vaults.
 16505 | D:14     | Noticed an entropy weaver
 16505 | D:14     | Noticed a vault guard
 16505 | D:14     | Noticed a vault guard
 16505 | D:14     | Noticed a vault guard
 16505 | D:14     | Noticed a vault guard
 16545 | D:14     | Noticed a fire dragon
 16565 | D:14     | Noticed a centaur warrior
 16571 | D:14     | Noticed a tengu warrior
 16795 | D:14     | Killed a vault guard
 17039 | D:14     | HP: 2/92 [fire dragon/blast of flame (28)]
 17316 | D:14     | Killed a tengu warrior
 17327 | D:14     | Learned a level 5 spell: Lightning Bolt
 17576 | D:14     | You are sucked into a shaft and drop 1 floor!
 17576 | D:15     | Entered Level 15 of the Dungeon
 17611 | D:15     | Reached XP level 13. HP: 54/98 MP: 14/26
 17773 | D:15     | Found a staircase to the Depths.
 17775 | D:15     | Demolished by a juggernaut skeleton

Illustrated notes

Levels and vault maps discovered:
D:1:      zelgadis_glass_arrival_small, layout_loops_cross,
          hellmonk_ecumenical_altar_zigzags
D:2:      layout_basic, dreamdust_wishing_well, kennysheep_generic_room_13
D:3:      layout_loops_cross, nicolae_ru_awakened_eye,
          mainiacjoe_overflow_catwalk_spiral, uniq_jessica, uniq_sigmund
D:4:      layout_rooms, temple_pool_b, uniq_menkaure
D:5:      layout_loops_cross
D:6:      layout_basic, mainiacjoe_overflow_small_starburst, nicolae_sextant,
          minmay_misc_feat_columns, minmay_misc_feat_tower,
          uniq_crazy_yiuf_cottage, uniq_prince_ribbit1, uniq_maggie
D:7:      layout_rooms, nicolae_qazlal_style_of_elements, nzn_ghost_randoct,
          kennysheep_generic_room_5
D:8:      layout_loops_ring, tso_metal_star, gammafunk_ghost_wrathful_warriors
D:9:      layout_irregular_city, serial_shops, shop, minmay_microvault
D:10:     layout_roguey, mainiacjoe_overflow_large_starburst,
          lemuel_round_altar, uniq_grum, uniq_snorg, uniq_amaemon
D:11:     layout_roguey, hellmonk_lair_entry_icy, orc_0_dummy
D:12:     gammafunk_sealed_library, layout_loops_corners
D:13:     layout_irregular_city, serial_column_ruins, column_ruins_pillar_2,
          column_ruins_pillar_4, column_ruins_pillar_1, column_ruins_pillar_5,
          column_ruins_pillar_6, column_ruins_pillar_4, column_ruins_pillar_3,
          column_ruins_pillar_1, column_ruins_pillar_3, column_ruins_pillar_1,
          column_ruins_pillar_3, column_ruins_pillar_8, column_ruins_pillar_7
D:14:     layout_basic, lightli_vaults_fourway_checkpoint,
          nicolae_figureground_pulse
D:15:     gammafunk_depths_entry_grave, layout_rooms, minmay_hedge_maze,
          st_stairs_4
Temple:   hellmonk_temple_forest_ring

Skill      XL: |  1  2  3  4  5  6  7  8  9 10 11 12 13 |
---------------+----------------------------------------+-----
Conjurations   | 2 3 4 5 6 7 |  7.3
Spellcasting   | 5 6 7 8 9 |  9.8
Invocations    | 1 2 3 4 5 6 7 8 9 |  9.1
Fighting       | 1 2 3 5 6 7 8 |  8.3
Short Blades   | 1 2 3 5 6 7 8 |  8.3
Long Blades    | 1 2 3 5 6 7 8 |  8.3
Axes           | 1 2 3 5 6 7 8 |  8.3
Maces & Flails | 1 2 3 5 6 7 8 |  8.3
Polearms       | 1 2 3 5 6 7 8 |  8.3
Staves         | 1 2 3 5 6 7 8 |  8.3
Ranged Weapons | 1 2 3 5 6 7 8 |  8.3
Throwing       | 1 2 3 5 6 7 8 |  8.3
Armour         | 1 2 3 5 6 7 8 |  8.3
Shields        | 1 2 3 5 6 7 8 |  8.3
Unarmed Combat | 1 2 3 5 6 7 8 |  8.3
Evocations     | 1 2 3 5 6 7 8 |  8.3
Hexes          | 1 2 3 4 5 6 |  6.9
Summonings     | 1 2 3 4 5 6 |  6.9
Necromancy     | 1 2 3 4 5 6 |  6.9
Translocations | 1 2 3 4 5 6 |  6.9
Transmutations | 1 2 3 4 5 6 |  6.9
Ice Magic      | 1 2 3 4 5 6 |  6.9
Air Magic      | 1 2 3 4 5 6 |  6.9
Earth Magic    | 1 2 3 4 5 6 |  6.9
Poison Magic   | 1 2 3 4 5 6 |  6.9
Dodging        | 5 6 7 8 9 |  9.5
Stealth        | 5 6 7 8 9 |  9.4
Fire Magic     | 6 7 8 |  8.9

Action                   |  1- 3 |  4- 6 |  7- 9 | 10-12 | 13-15 || total
-------------------------+-------+-------+-------+-------+-------++-------
Melee: Hand axe          |    10 |    39 |    50 |       |       ||    99
       Bite              |       |     7 |    12 |    56 |       ||    75
       Punch             |       |     1 |     1 |    14 |       ||    16
       Battleaxe         |       |       |    36 |       |       ||    36
       War axe           |       |       |    12 |    35 |       ||    47
       Demon whip        |       |       |       |   294 |     7 ||   301
 Cast: Foxfire           |    67 |    69 |    84 |    52 |       ||   272
       Scorch            |     2 |    17 |   106 |    82 |       ||   207
       Flame Wave        |       |       |       |    16 |     2 ||    18
       Magic Dart        |       |       |       |     6 |       ||     6
       Metabolic Englaci |       |       |       |     9 |       ||     9
       Ozocubu's Armour  |       |       |       |     6 |     1 ||     7
       Lightning Bolt    |       |       |       |     1 |       ||     1
Invok: Step From Time    |       |       |       |       |     1 ||     1
Evoke: Wand              |       |       |       |    12 |       ||    12
  Use: Scroll            |     4 |     3 |    10 |    21 |     3 ||    41
       Potion            |     1 |     2 |     3 |     2 |     1 ||     9
 Stab: Sleeping          |       |     5 |     3 |    10 |       ||    18
       Distracted        |       |       |       |     1 |       ||     1
Armor: Robe              |     2 |    15 |    10 |       |       ||    27
       Skin              |       |       |     6 |     7 |       ||    13
       Swamp dragon scal |       |       |    22 |   157 |     7 ||   186
Dodge: Dodged            |    15 |    55 |   141 |   274 |     7 ||   492
Block: Other             |       |       |    45 |    83 |       ||   128
       Reflection        |       |       |     2 |     3 |     3 ||     8
       Buckler           |       |       |       |    67 |     9 ||    76

Table legend: (Time is in decaauts)
 A = Elapsed time spent in this place.
 B = Non-inter-level travel time spent in this place.
 C = Inter-level travel time spent in this place.
 D = Time resting spent in this place.
 E = Time spent auto-exploring this place.
 F = Levels seen in this place.
 G = Mean time per level.
                   A        B        C        D        E       F      G
               +--------+--------+--------+--------+--------+-----+--------+
         Total |  21102 |  20321 |    781 |   3625 |  13775 |  16 | 1318.9 |
       Dungeon |  20921 |  20186 |    735 |   3625 |  13650 |  15 | 1394.7 |
        Temple |    181 |    135 |     46 |      0 |    125 |   1 |  181.0 |
               +--------+--------+--------+--------+--------+-----+--------+

Top non-repeatable levels by time:
    D:12: 2654 daAuts
     D:6: 2155 daAuts
    D:11: 1815 daAuts
    D:10: 1576 daAuts
     D:8: 1471 daAuts
    D:14: 1449 daAuts
    D:13: 1358 daAuts
     D:9: 1303 daAuts
     D:4: 1251 daAuts
     D:5: 1198 daAuts
     D:2: 1198 daAuts
     D:7: 1185 daAuts
     D:1: 1097 daAuts
     D:3: 966 daAuts
    D:15: 238 daAuts
